 Dungeon Crawl Stone Soup version 0.27.1-3-gb3d3a73c9e (webtiles) character file.

Game seed: 16128726732160497617

154 Crownlay the Chopper (level 5, 0/45 HPs)
             Began as a Hill Orc Fighter on Oct 6, 2021.
             Succumbed to a kobold brigand's poison
             ... on level 3 of the Dungeon.
             The game lasted 00:07:03 (2905 turns).

Crownlay the Chopper (Hill Orc Fighter)             Turns: 2905, Time: 00:07:04

Health: 0/45       AC:  6    Str: 20    XL:     5   Next: 35%
Magic:  5/5        EV:  9    Int: 14    God:
Gold:   219        SH:  4    Dex: 10    Spells: 4/4 levels left

rFire    . . .     SeeInvis .   q - +1 hand axe (venom)
rCold    . . .     Faith    .   j - +0 buckler
rNeg     . . .     Spirit   .   b - +0 scale mail
rPois    .         Reflect  .   (no helmet)
rElec    .         Harm     .   (no cloak)
rCorr    .         Rampage  .   (no gloves)
Will     +....                  (no boots)
Stlth    ..........             r - amulet of regeneration
HPRegen  1.15/turn              g - ring of willpower
MPRegen  0.09/turn              m - +6 ring of intelligence

@: lethally poisoned (0 -> -4)
A: no striking features
a: no special abilities


You were on level 3 of the Dungeon.
You visited 1 branch of the dungeon, and saw 3 of its levels.

You collected 259 gold pieces.
You spent 40 gold pieces at shops.

Inventory:

Hand Weapons
 a - a +0 war axe
 q - a +1 hand axe of venom (weapon)
 s - a +2 short sword of electrocution
Missiles
 v - 3 atropa-tipped darts (quivered)
Armour
 b - a +0 scale mail (worn)
 c - a +0 kite shield
 j - a +0 buckler (worn)
Jewellery
 g - a ring of willpower (left hand)
 m - a +6 ring of intelligence (right hand)
 p - an amulet of guardian spirit
 r - an amulet of regeneration (around neck)
Wands
 h - a wand of flame (2)
Scrolls
 e - 3 scrolls of teleportation
 i - a scroll of noise
 k - a scroll of enchant weapon {unknown}
 n - a scroll of immolation {unknown}
 t - a scroll of identify
Potions
 l - 2 potions of magic
 o - a potion of brilliance {unknown}
 u - a potion of resistance {unknown}


   Skills:
 - Level 3.6 Fighting
 * Level 6.6 Axes
 - Level 3.2 Armour
 - Level 4.0 Shields


You had 4 spell levels left.
You didn't know any spells.
Your spell library contained the following spells:

 Spells                   Type           Power      Damage    Failure   Level
 Gell's Gravitas          Tloc           0%         N/A       94%         3
 Lesser Beckoning         Tloc           0%         N/A       94%         3
 Teleport Other           Tloc           0%         N/A       94%         3


Dungeon Overview and Level Annotations

Branches:
Dungeon (3/15)

Altars:

Shops:
D:3 ?

Annotations:
D:3 hurston's ghost, amateur GrFi


Message History

Could not explore, unopened runed door.
You don't know any spells.
Press: ? - help, v - describe, . - travel
Here: hurston's ghost (fire blocked by a runed translucent door)
The floor.
As you open the gate, it creaks loudly!
The kobold throws a poisoned dart.
The poisoned dart closely misses you.
Cleave: q) +1 hand axe (venom)
Press: ? - help, Dir - move target, f - kobold
Aim: a kobold, wielding a +0 whip and carrying a wand of flame (16) (about 44% to evade your +1 hand axe of venom)
Okay, then.
You hit the kobold.
You kill the kobold!
Your scale mail prevents you from hitting the kobold brigand.
The kobold brigand hits you with a +2 whip of chaos!
The kobold brigand burns you.
You closely miss the kobold brigand.
The kobold brigand hits you with a +2 whip of chaos.
You are electrocuted!!
* * * LOW HITPOINT WARNING * * *
You feel very mighty all of a sudden. You block the kobold brigand's attack.
You closely miss the kobold brigand.
The kobold brigand hits you with a +2 whip of chaos.
* * * LOW HITPOINT WARNING * * *
You are poisoned.
It was a potion of magic.
Magic courses through your body.
* * * LOW HITPOINT WARNING * * *
You feel very sick. Hurston's ghost stares at you.
The kobold brigand hits you with a +2 whip of chaos.
* * * LOW HITPOINT WARNING * * *
You resist with almost no effort.
Okay, then.
Okay, then.
It was a potion of cancellation.
Your magical effects are unravelling.
You feel magically purged.
You feel a little less mighty now.
You die...

#.........
###....... #.......
#....... ###.......
##.........
#####..........
#####K......#####..
#.@KWK.....## ###
#.##KK'##.## #
###KKK..### ##
#≈.#.#.≈# ##.
#⌠.#.#.⌠# #..
#≈.#.#.≈# #..
##.....## ###
##.:$## ###


You could see a kobold brigand, hurston's ghost and 7 kobolds.

Vanquished Creatures
  Terence (D:3)
  A howler monkey skeleton (D:3)
  3 adders (D:2)
  2 dart slugs (D:3)
  An orc (D:3)
  6 bats
  8 endoplasms
  5 giant cockroaches
  8 goblins
  12 hobgoblins
  7 jackals (D:1)
  7 kobolds
  6 quokkas
  5 ball pythons
  A frilled lizard (D:1)
  3 rats
76 creatures vanquished.

Vanquished Creatures (others)
  3 demonic plants (D:1)
  9 fungi
  9 plants
  5 withered plants (D:1)
26 creatures vanquished.

Grand Total: 102 creatures vanquished

Notes
Turn   | Place    | Note
-------+----------+-------------------------------------------
     0 | D:1      | Crownlay the Hill Orc Fighter began the quest for the Orb.
     0 | D:1      | Reached XP level 1. HP: 19/19 MP: 1/1
    96 | D:1      | Reached skill level 3 in Axes
   163 | D:1      | Reached XP level 2. HP: 25/26 MP: 2/2
   175 | D:1      | Reached skill level 4 in Axes
   471 | D:1      | Reached XP level 3. HP: 29/31 MP: 3/3
   604 | D:1      | Found a faded altar of an unknown god.
   625 | D:1      | Reached skill level 5 in Axes
  1540 | D:2      | Reached XP level 4. HP: 39/39 MP: 4/4
  2305 | D:3      | Reached skill level 6 in Axes
  2307 | D:3      | Reached XP level 5. HP: 40/45 MP: 5/5
  2314 | D:3      | Found Latehaga's Magic Scroll Shop.
  2506 | D:3      | Bought 2 scrolls of identify for 40 gold pieces
  2557 | D:3      | Noticed Terence
  2582 | D:3      | Killed Terence
  2673 | D:3      | Found a runed translucent gate.
  2673 | D:3      | Found a runed translucent gate.
  2673 | D:3      | Noticed hurston's ghost (amateur GrFi)
  2675 | D:3      | Found a runed translucent gate.
  2675 | D:3      | Noticed a kobold brigand
  2904 | D:3      | HP: 1/45 [kobold brigand (3)]
  2905 | D:3      | Succumbed to a kobold brigand's poison

Illustrated notes

Levels and vault maps discovered:
D:1:      lemuel_arrival_tunnels, layout_basic, serial_forest,
          infiniplex_forest_corner_1, infiniplex_forest_lined_ring,
          infiniplex_forest_clump_small, infiniplex_forest_clump_cross,
          infiniplex_forest_straight_3, infiniplex_forest_end_2,
          shapermc_ecumenical_altar_gd, hangedman_abyss_or_decor_lesser_grid,
          minmay_vboxes
D:2:      layout_basic, minmay_misc_feat_iff
D:3:      layout_rooms, serial_shops, shop_coins, gammafunk_ghost_nasty_kobolds,
          chequers_jeans, uniq_terence

Skill      XL: |  1  2  3  4 |
---------------+-------------+-----
Axes           | 3 4 5 6 |  6.6
Shields        | 4 |  4.0
Fighting       | |  3.6
Armour         | |  3.2

Action                   |  1- 3 |  4- 6 || total
-------------------------+-------+-------++-------
Melee: War axe           |   132 |    16 ||   148
       Hand axe          |       |    64 ||    64
Throw: Dart              |       |     3 ||     3
  Use: Potion            |       |     3 ||     3
       Scroll            |       |     2 ||     2
Armor: Scale mail        |    87 |    23 ||   110
Dodge: Dodged            |    77 |    28 ||   105
Block: Buckler           |     4 |    12 ||    16
